 Dungeon Crawl Stone Soup version 0.31-a0-1570-g93c622d222 (webtiles) character file.

Game seed: 17504231911076616546

161 Laraso the Slasher (level 5, -3/26 HPs)
             Began as a Vine Stalker Reaver on Jan 4, 2024.
             Slain by a phantom (5 damage)
             ... on level 3 of the Dungeon.
             The game lasted 00:02:54 (3212 turns).

Laraso the Slasher (Vine Stalker Reaver)            Turns: 3212, Time: 00:02:54

Health: -3/26      AC:  6    Str: 15    XL:     5   Next: 42%
Magic:  0/9        EV:  9    Int: 15    God:
Gold:   140        SH:  3    Dex: 12    Spells: 7/8 levels left

rFire   . . .        b - +0 short sword
rCold   . . .        o - +0 buckler
rNeg    . . .        p - +0 scale mail
rPois   .            (no helmet)
rElec   .            (no cloak)
rCorr   .            (no gloves)
SInv    .            (no boots)
Will    +....        (no amulet) Stlth
                     h - ring of willpower
HPRegen 1.04/turn    (no ring)
MPRegen 0.11/turn

%: guardian spirit
@: no status effects
A: fangs 2, regeneration 1, magic shield, antimagic bite, no potion heal 2
a: no special abilities


You were on level 3 of the Dungeon.
You visited 1 branch of the dungeon, and saw 4 of its levels.

You collected 140 gold pieces.

Inventory:

Hand Weapons
 a - a +0 vampiric falchion
 b - a +0 short sword (weapon)
Armour
 o - a +0 buckler (worn)
 p - a +0 scale mail (worn)
Jewellery
 h - a ring of willpower (left hand)
Wands
 l - a wand of charming (9)
Scrolls
 f - a scroll of brand weapon
 g - a scroll of fear {unknown}
 i - a scroll of poison
 j - a scroll of summoning
Potions
 c - 2 potions of heal wounds {unknown}
 d - a potion of lignification {unknown}
 e - a potion of mutation {unknown}
 n - a potion of might {unknown}


   Skills:
 - Level 1.7 Fighting
 * Level 5.4 Long Blades
 - Level 1.5 Dodging
 - Level 2.1 Spellcasting
 - Level 3.0 Conjurations


You had 7 spell levels left.
You knew the following spells:

 Your Spells              Type           Power      Damage    Failure   Level
a - Kiss of Death         Conj/Necr      24%        2d7       56%         1

Your spell library contained the following spells:

 Spells                   Type           Power      Damage    Failure   Level
 Momentum Strike          Conj/Tloc      12%        3d8       71%         2
 Hailstorm                Conj/Ice       6%         3d5       90%         3


Dungeon Overview and Level Annotations

Branches:
Dungeon (4/15)
 Temple: D:4-7

Altars:


Innate Abilities, Weirdness & Mutations

You have extremely sharp teeth.
Your natural rate of healing is unusually fast.
When hurt, damage is shared between your health and your magic reserves.
Your bite disrupts and absorbs the magic of your enemies.
Potions cannot restore your health.


Message History

The phantom hits you but does no damage.
You closely miss the phantom.
The phantom is moderately damaged.
You block the phantom's attack.
You miss the phantom.
The phantom is moderately damaged.
The phantom hits you but does no damage.
You closely miss the phantom.
The phantom is moderately damaged.
The phantom hits you.
* * * LOW HITPOINT WARNING * * *
The phantom blinks!
You blink.
You hit the white imp.
You bite the white imp, but do no damage.
The white imp is moderately wounded.
The white imp hits you but does no damage.
You hit the white imp.
The white imp is severely wounded.
You block the phantom's attack. The white imp gestures at you.
The puff of frost hits you.
* * * LOW HITPOINT WARNING * * *
You barely miss the white imp. Your bite misses the white imp.
The white imp is severely wounded.
The phantom hits you but does no damage.
The white imp hits you.
* * * LOW HITPOINT WARNING * * *
The white imp freezes you.
* * * LOW HITPOINT WARNING * * *
Okay, then.
You hit the white imp but do no damage. Your bite misses the white imp.
The white imp is severely wounded.
The phantom hits you.
* * * LOW HITPOINT WARNING * * *
The phantom blinks!
You blink.
Unknown command.
You hit the phantom.
The phantom is heavily damaged.
The phantom hits you.
You die...

### #.#.##.#.......##.# ###..#
..# #.#.##...##'#####.# #...##
..# #.#.##...##.#####.#
####.###
#####.#.##...##.##....###....#
......#.##...##.##.#####..####
#######.##....^..#.# ###.##
#.##.#.##..#.###...#
#.##.#.###.W.....### #.##.#.#
#@#§##### #.##.#.# #.###
#.##.#.###§# #†##.#.#<#5#
#.##.#.#.#.# #.##.#...#.#
###.##.#####.# #...##.......#
# #.##########.#


You could see a phantom and a white imp.

Vanquished Creatures
  An orc priest (D:3)
  2 adders (D:3)
  3 gnolls
  4 dart slugs
  5 orcs
  5 ball pythons
  2 endoplasms
  4 goblins
  7 hobgoblins
  4 quokkas
  3 bats
  4 frilled lizards
  3 kobolds
  4 rats
51 creatures vanquished.

Vanquished Creatures (others)
  An orc wizard (D:3)
1 creature vanquished.

Grand Total: 52 creatures vanquished

Notes
Turn   | Place    | Note
-------+----------+-------------------------------------------
     0 | D:1      | Laraso the Vine Stalker Reaver began the quest for the Orb.
     0 | D:1      | Reached XP level 1. HP: 11/11 MP: 4/4
   114 | D:1      | Found a faded altar of an unknown god.
   278 | D:1      | Reached skill level 3 in Long Blades
   532 | D:1      | Reached XP level 2. HP: 15/15 MP: 4/6
   861 | D:1      | You fall into a shaft and drop 1 floor!
  1140 | D:3      | Reached XP level 3. HP: 7/18 MP: 4/7
  1197 | D:2      | Reached skill level 4 in Long Blades
  1914 | D:3      | Reached XP level 4. HP: 18/22 MP: 6/8
  2509 | D:3      | Reached skill level 5 in Long Blades
  2509 | D:3      | Reached XP level 5. HP: 26/26 MP: 7/9
  3116 | D:4      | Noticed a phantom
  3211 | D:3      | HP: 1/26 [phantom (2)]
  3212 | D:3      | Slain by a phantom

Illustrated notes

Levels and vault maps discovered:
D:1:      elethiomel_arrival_shortcut, layout_basic,
          dreamdust_ecumenical_altar_angels_and_demons, nicolae_titane
D:2:      layout_loops_ring, chequers_jeans
D:3:      layout_basic, serial_rivers, chequers_serial_rivers_room_b,
          chequers_serial_rivers_marsh, chequers_serial_rivers_room_b,
          chequers_serial_rivers_micro_b, chequers_serial_rivers_marsh
D:4:      layout_rooms, mainiacjoe_overflow_small_starburst,
          serial_library_hellmonk_layered_room

Skill      XL: |  1  2  3  4 |
---------------+-------------+-----
Long Blades    | 3 4 5 |  5.4
Fighting       | |  1.7
Dodging        | |  1.5
Spellcasting   | |  2.1
Conjurations   | |  3.0

Action                     |  1- 3 |  4- 6 || total
---------------------------+-------+-------++-------
  Melee: Falchion          |    65 |       ||    65
         Bite              |    24 |    44 ||    68
         Short sword       |    13 |   185 ||   198
         Punch             |     1 |     1 ||     2
   Cast: Kiss of Death     |     1 |       ||     1
    Use: Scroll            |     3 |     4 ||     7
 Armour: Leather armour    |    63 |    21 ||    84
         Scale mail        |       |    90 ||    90
  Dodge: Dodged            |    42 |    60 ||   102
  Block: Buckler           |       |    22 ||    22

Table legend: (Time is in decaauts)
 A = Elapsed time spent in this place.
 B = Non-inter-level travel time spent in this place.
 C = Inter-level travel time spent in this place.
 D = Time resting spent in this place.
 E = Time spent auto-exploring this place.
 F = Levels seen in this place.
 G = Mean time per level.
                   A        B        C        D        E       F      G
               +--------+--------+--------+--------+--------+-----+--------+
         Total |   3211 |   3060 |    151 |    149 |   2382 |   4 |  802.8 |
       Dungeon |   3211 |   3060 |    151 |    149 |   2382 |   4 |  802.8 |
               +--------+--------+--------+--------+--------+-----+--------+

Top non-repeatable levels by time:
     D:3: 1308 daAuts
     D:1: 1077 daAuts
     D:2: 767 daAuts
     D:4: 58 daAuts
